 Dungeon Crawl Stone Soup version 0.22-a0-223-g0f5d773 (webtiles) character file.

21177 MatthieuS the Zephyrmancer (level 12, 0/73 HPs)
             Began as a Tengu Air Elementalist on Feb 18, 2018.
             Was a High Priest of Vehumet.
             Slain by an anaconda (2 damage)
             ... on level 5 of the Lair of Beasts.
             The game lasted 01:09:50 (18569 turns).

MatthieuS the Zephyrmancer (TeAE)                  Turns: 18569, Time: 01:09:51

Health: 0/73       AC:  8    Str:  9    XL:     12   Next: 87%
Magic:  1/36       EV: 12    Int: 21    God:    Vehumet [*****.]
Gold:   760        SH:  0    Dex: 14    Spells: 15/31 levels left

rFire    . . .     SeeInvis +   e - staff of conjuration {!attention}
rCold    . . .     Gourm    .   (no shield)
rNeg     . . .     Faith    .   K - +0 ring mail
rPois    .         Spirit   .   J - +2 hat
rElec    +         Reflect  .   (no cloak)
rCorr    .         Harm     .   (no gloves)
MR       +....                  (boots unavailable)
Stlth    +++.......             k - amulet of magic regeneration
HPRegen  0.22/turn              i - ring of magical power
MPRegen  0.50/turn              q - ring of see invisible

@: very slightly contaminated, constricted, invisible
A: antennae 1, beak, talons 3, magic resistance 1, electricity resistance, able
to fly 1
a: Fly, Renounce Religion


You were on level 5 of the Lair of Beasts.
You worshipped Vehumet.
Vehumet was extremely pleased with you.
You were not hungry.

You visited 2 branches of the dungeon, and saw 15 of its levels.
You also visited: Ossuary.

You collected 760 gold pieces.

Inventory:

Hand Weapons
 f - a +1 short sword of flaming
 t - a +0 dagger of holy wrath
 u - a +0 shortbow
Missiles
 y - 239 arrows
 G - a throwing net (quivered)
Armour
 a - a +2 robe
 J - a +2 hat (worn)
 K - a +0 ring mail (worn)
Magical Staves
 e - an uncursed staff of conjuration (weapon) {!attention}
 D - an uncursed staff of wizardry
Jewellery
 i - a ring of magical power (left hand)
 k - an amulet of magic regeneration (around neck)
 q - a ring of see invisible (right hand)
 A - an uncursed ring of protection from cold
Wands
 n - a wand of flame (12)
 p - a wand of digging (12)
 H - a wand of paralysis (4)
 L - a wand of iceblast (6)
 Q - a wand of acid (6)
Scrolls
 h - a scroll of remove curse
 j - 11 scrolls of teleportation
 o - a scroll of amnesia
 r - 2 scrolls of fog
 s - 4 scrolls of enchant armour
Potions
 c - 3 potions of curing
 d - 2 potions of haste
 g - 2 potions of brilliance
 m - 3 potions of flight
 v - a potion of ambrosia {unknown}
 w - 2 potions of cancellation {unknown}
 x - a potion of magic
 I - 2 potions of might {unknown}
 O - a potion of berserk rage {unknown}
Comestibles
 b - 16 rations


   Skills:
 + Level 7.9 Fighting
 + Level 5.2 Armour
 + Level 9.2 Dodging
 + Level 7.8 Stealth
 * Level 10.3 Spellcasting
 + Level 10.5 Conjurations
 + Level 11.1 Air Magic


You had 15 spell levels left.
You knew the following spells:

 Your Spells              Type           Power        Failure   Level  Hunger
a - Shock                 Conj/Air       ####         1%          1    None
b - Swiftness             Chrm/Air       ####....     2%          2    None
c - Static Discharge      Conj/Air       ######..     1%          3    None
d - Airstrike             Air            ######....   1%          4    ##.....
e - Lightning Bolt        Conj/Air       ######....   1%          5    ####...
f - Apportation           Tloc           ##....       16%         1    None


Dungeon Overview and Level Annotations

Branches:
Dungeon (10/15)            Temple (0/1) D:7            Lair (5/6) D:8
  Swamp (0/4) Lair:2        Snake (0/4) Lair:2
  Slime: Lair:5-6       Orc: D:9-12

Altars:
Dithmenos
Elyvilon
Fedhas
Gozag
Kikubaaqudgha
Makhleb
Uskayaw
Vehumet
Xom
Yredelemnul
Zin
The Shining One

Shops:
D:5 !

Portals:
Trove: D:10 (give +4 fire dragon scales)


Innate Abilities, Weirdness & Mutations

You have a beak for a mouth.
You have claws for feet.
You can fly.
You have a pair of small antennae on your head.
You are resistant to hostile enchantments. (MR+)
You are resistant to electric shocks. (rElec)


Message History

You kill the water moccasin!
Vehumet accepts your kill.
The lightning arcs!
You are struck by lightning.
You resist.
The lightning arcs!
The anaconda is struck by lightning.
The anaconda is severely wounded.
The lightning grounds out.
The anaconda bites you.
* * * LOW HITPOINT WARNING * * *
x2 The anaconda constricts you.
The anaconda bites you.
* * * LOW HITPOINT WARNING * * *
x2 The anaconda constricts you.
Casting: Static Discharge (safe; 1% risk of failure)
Confirm with . or Enter, or press ? or * to list all spells.
You feel a surge of power!
The anaconda is struck by lightning.
The anaconda is almost dead.
The lightning arcs!
You are struck by lightning.
You resist.
* * * LOW HITPOINT WARNING * * *
The lightning arcs!
The anaconda is struck by lightning.
The anaconda is almost dead.
The lightning grounds out.
The anaconda barely misses you.
You die...

...=....
P..$... #..†..
.....# #
#....##..
##...+....
#.†S......
#.@.......
+.!....#....
..........# .
.........).#
..........!.P
###.##P.###.P.
.# ##?# ####
## ###


You could see an anaconda.

Vanquished Creatures
  A hydra (Lair:4)
  A catoblepas (Lair:3)
  A two-headed ogre (D:9)
  An unseen horror (D:10)
  The ghost of MatthieuS the Ducker, a novice TeAr of Vehumet (D:6)
  A wolf spider (Lair:3)
  An elephant (D:8)
  2 black mambas
  6 spiny frogs
  2 rime drakes
  5 komodo dragons
  A queen bee (D:8)
  A hornet (D:10)
  9 blink frogs
  7 hippogriffs
  Sigmund (D:2)
  4 hogs (D:7)
  A steam dragon (Lair:4)
  A wyvern (D:8)
  2 basilisks (D:8)
  A golden eye (D:7)
  6 yaks
  3 hungry ghosts
  Menkaure (Ossuary)
  4 nagas (Lair:2)
  8 water moccasins
  6 porcupines
  2 black bears
  An orc warrior (D:9)
  3 ice beasts
  2 sky beasts
  3 phantoms
  An ogre (D:5)
  8 crocodiles
  9 wolves
  9 centaurs
  A big kobold (D:9)
  4 bullfrogs
  5 scorpions
  6 killer bees (D:9)
  6 howler monkeys
  4 crimson imps
  A bullfrog zombie (D:9)
  4 orc priests
  A bullfrog skeleton (D:4)
  6 hounds
  A jelly (D:9)
  6 orc wizards
  An iguana (D:8)
  6 worker ants
  A killer bee zombie (D:6)
  A hound skeleton (D:8)
  A mummy (Ossuary)
  A worker ant zombie (D:9)
  10 adders
  7 gnolls
  3 shadow imps
  A white imp (D:6)
  4 oozes
  2 adder zombies
  A worm (D:3)
  4 dart slugs
  2 leopard geckos
  34 orcs
  A ball python (D:3)
  9 giant cockroaches
  2 gnoll zombies (Ossuary)
  10 goblins
  8 hobgoblins
  6 jackals
  4 quokkas
  6 bats
  2 frilled lizards
  3 gnoll skeletons (Ossuary)
  2 goblin skeletons (Ossuary)
  8 goblin zombies
  3 hobgoblin zombies
  A jackal zombie (D:5)
  11 kobolds
  2 kobold skeletons (D:6)
  3 kobold zombies (Ossuary)
  3 orc skeletons
  A quokka skeleton (D:4)
  8 rats
  A rat skeleton (Ossuary)
  3 rat zombies (Ossuary)
337 creatures vanquished.

Vanquished Creatures (collateral kills)
  A leopard gecko (D:5)
1 creature vanquished.

Vanquished Creatures (others)
  2 mummies (Ossuary)
  4 gnoll skeletons (Ossuary)
  3 goblin skeletons (Ossuary)
  2 goblin zombies (Ossuary)
  3 hobgoblin skeletons (Ossuary)
  2 hobgoblin zombies (Ossuary)
  2 kobold skeletons (Ossuary)
  3 kobold zombies (Ossuary)
  2 orc skeletons (Ossuary)
  2 orc zombies (Ossuary)
  4 rat skeletons (Ossuary)
  2 rat zombies (Ossuary)
  4 fungi
  A plant (Lair:2)
36 creatures vanquished.

Grand Total: 374 creatures vanquished

Notes
Turn   | Place    | Note
-------+----------+-------------------------------------------
     0 | D:1      | MatthieuS the Tengu Air Elementalist began the quest for the Orb.
     0 | D:1      | Reached XP level 1. HP: 10/10 MP: 4/4
   224 | D:1      | Reached XP level 2. HP: 15/15 MP: 1/6
   252 | D:1      | Learned a level 2 spell: Swiftness
   507 | D:2      | Noticed Sigmund
   514 | D:2      | Killed Sigmund
   514 | D:2      | Reached skill level 1 in Fighting
   514 | D:2      | Reached skill level 1 in Armour
   514 | D:2      | Reached XP level 3. HP: 14/20 MP: 0/7
   514 | D:2      | Reached XP level 4. HP: 17/25 MP: 0/8
   514 | D:2      | Gained mutation: You can fly. [Tengu growth]
   514 | D:2      | Reached XP level 5. HP: 20/29 MP: 0/9
   604 | D:1      | Learned a level 3 spell: Static Discharge
  1439 | D:2      | Found a radiant altar of Vehumet.
  1443 | D:2      | Became a worshipper of Vehumet
  1486 | D:2      | Found a hide-covered altar of Uskayaw.
  1621 | D:2      | Found an opulent altar of Gozag.
  1621 | D:2      | Found a glowing silver altar of Zin.
  1654 | D:2      | Reached XP level 6. HP: 34/34 MP: 7/11
  1678 | D:2      | Learned a level 4 spell: Airstrike
  1868 | D:3      | Reached skill level 5 in Air Magic
  2569 | D:3      | Reached * piety under Vehumet
  2569 | D:3      | Offered knowledge of Sting by Vehumet.
  2759 | D:3      | Found an ancient bone altar of Kikubaaqudgha.
  3296 | D:4      | Found a sand-covered staircase.
  3301 | Ossuary  | Entered an ossuary
  3344 | Ossuary  | Gained mutation: You are partially covered in slimy green scales. (AC +2) [potion of mutation]
  3344 | Ossuary  | Gained mutation: You do not regenerate when monsters are visible. [potion of mutation]
  3344 | Ossuary  | Gained mutation: Armour fits poorly on your strangely shaped body. [potion of mutation]
  3344 | Ossuary  | Gained mutation: You are resistant to electric shocks. (rElec) [potion of mutation]
  3345 | Ossuary  | Lost mutation: Armour fits poorly on your strangely shaped body. [potion of mutation]
  3345 | Ossuary  | Lost mutation: You do not regenerate when monsters are visible. [potion of mutation]
  3345 | Ossuary  | Lost mutation: You are partially covered in slimy green scales. (AC +2) [potion of mutation]
  3345 | Ossuary  | Gained mutation: You have a pair of small antennae on your head. [potion of mutation]
  3345 | Ossuary  | Gained mutation: You are resistant to hostile enchantments. (MR+) [potion of mutation]
  3354 | Ossuary  | Offered knowledge of Throw Frost by Vehumet.
  3842 | Ossuary  | Reached ** piety under Vehumet
  3872 | Ossuary  | Noticed Menkaure
  3881 | Ossuary  | Killed Menkaure
  3881 | Ossuary  | Reached XP level 7. HP: 34/40 MP: 10/12
  4017 | D:4      | Found a burning altar of Makhleb.
  4633 | D:5      | Entered Level 5 of the Dungeon
  4633 | D:5      | Found Ysuweng's Distillery.
  4692 | D:5      | Found a basalt altar of Yredelemnul.
  4981 | D:5      | Reached skill level 6 in Air Magic
  4981 | D:5      | Reached XP level 8. HP: 22/45 MP: 1/15
  5372 | D:5      | Found a shadowy altar of Dithmenos.
  5374 | D:5      | HP: 1/45 [centaur/arrow (14)]
  5998 | D:5      | Reached skill level 5 in Conjurations
  6628 | D:6      | Found a white marble altar of Elyvilon.
  6673 | D:6      | Offered knowledge of Throw Flame by Vehumet.
  6719 | D:6      | Noticed MatthieuS's ghost (novice TeAr)
  6730 | D:6      | Killed MatthieuS's ghost
  6730 | D:6      | Reached skill level 5 in Dodging
  6730 | D:6      | Reached skill level 5 in Stealth
  6730 | D:6      | Reached skill level 5 in Spellcasting
  6730 | D:6      | Reached skill level 7 in Air Magic
  6730 | D:6      | Reached XP level 9. HP: 37/52 MP: 7/18
  7139 | D:6      | Found a glowing golden altar of the Shining One.
  7385 | D:6      | Reached *** piety under Vehumet
  8057 | D:7      | Found a shimmering altar of Xom.
  8062 | D:7      | Found a shimmering altar of Xom.
  8062 | D:7      | Found a shimmering altar of Xom.
  8062 | D:7      | Found a shimmering altar of Xom.
  8062 | D:7      | Found a shimmering altar of Xom.
  8064 | D:7      | Found a shimmering altar of Xom.
  8064 | D:7      | Found a shimmering altar of Xom.
  8218 | D:7      | Offered knowledge of Throw Icicle by Vehumet.
  8346 | D:7      | Found a staircase to the Ecumenical Temple.
  8491 | D:7      | Reached skill level 8 in Air Magic
  8491 | D:7      | Reached XP level 10. HP: 52/58 MP: 17/21
  8496 | D:7      | Reached skill level 5 in Fighting
  9255 | D:7      | Noticed a fire crab
  9255 | D:7      | a troll changed into a fire crab
  9288 | D:8      | Learned a level 5 spell: Lightning Bolt
  9369 | D:8      | Found a staircase to the Lair.
  9369 | D:8      | Noticed an elephant
 10137 | D:8      | Killed an elephant
 10335 | D:8      | Reached **** piety under Vehumet
 10668 | D:8      | Reached skill level 9 in Air Magic
 10930 | Lair:1   | Entered Level 1 of the Lair of Beasts
 10930 | Lair:1   | Noticed a spiny frog
 10934 | Lair:1   | Killed a spiny frog
 10934 | Lair:1   | Reached XP level 11. HP: 64/64 MP: 23/23
 10941 | D:8      | Offered knowledge of Inner Flame by Vehumet.
 12676 | Lair:1   | Identified a scroll of acquirement
 13197 | Lair:2   | Found a staircase to the Snake Pit.
 13233 | Lair:2   | Found a staircase to the Swamp.
 13316 | Lair:2   | Reached skill level 10 in Air Magic
 13897 | Lair:3   | Noticed a four-headed hydra
 13903 | Lair:3   | Noticed a wolf spider
 13903 | Lair:3   | a four-headed hydra changed into a wolf spider
 13909 | Lair:3   | Killed a wolf spider
 14465 | Lair:3   | Reached XP level 12. HP: 49/72 MP: 26/26
 15076 | Lair:3   | Noticed a catoblepas
 15084 | Lair:3   | Killed a catoblepas
 15500 | D:9      | Reached ***** piety under Vehumet
 15501 | D:9      | Noticed a two-headed ogre
 15508 | D:9      | Killed a two-headed ogre
 15638 | D:9      | Offered knowledge of Ozocubu's Refrigeration by Vehumet.
 15741 | D:9      | Reached skill level 10 in Conjurations
 15829 | D:9      | Found a blossoming altar of Fedhas.
 15931 | D:9      | Learned a level 1 spell: Apportation
 16026 | D:10     | Entered Level 10 of the Dungeon
 16408 | D:10     | Paralysed by a hornet for 3 turns
 16735 | D:10     | Reached skill level 10 in Spellcasting
 16769 | D:10     | Found a portal to a secret trove of treasure.
 17604 | Lair:4   | Noticed a seven-headed hydra
 17610 | Lair:4   | Killed a seven-headed hydra
 17610 | Lair:4   | Reached skill level 5 in Armour
 17610 | Lair:4   | Reached skill level 11 in Air Magic
 17685 | Lair:4   | Noticed a death yak
 17689 | Lair:4   | Noticed a death yak
 18559 | Lair:5   | Noticed an anaconda
 18568 | Lair:5   | HP: 2/73 [anaconda (3)]
 18569 | Lair:5   | Slain by an anaconda

Vault maps used:
D:1:      erik_arrival_cave_to_civilisation
D:2:      lemuel_crystal_altar, nicolae_overflow_hidden_temple,
          grunt_temple_overflow_gold_and_silver, minmay_tripent, uniq_sigmund
D:3:      lemuel_crystal_altar
D:4:      bloody_makhleb, enter_ossuary_2, serial_park_tiny_1
D:5:      nicolae_overflow_crystal_walls, lemuel_crystal_altar, serial_shops,
          shop, first_ration
D:6:      elyvilon_altar_5, kennysheep_big_empty_room,
          nicolae_tso_besieged_by_evil, uniq_menkaure
D:7:      temple_doors_e, grunt_livestock, xom_shifter_show
D:8:      david_lair_generic, serial_glass, glass_columns_b, glass_columns_b
D:9:      basic_altar
D:10:     trove_entry_hex_spiral, roderic_lattice_a
Lair:1:   st_stairs_5
Lair:2:   minmay_swamp_entry_worms, minmay_snake_entry_guardpost_small
Lair:3:   grunt_megastairs_2
Lair:4:   columned_hall_lemuel, beast_lair_carwin_11
Lair:5:   beast_lair_carwin_large_4, dpeg_slime_entry_corner, pond,
          serial_bayou_shore_b
Ossuary:  ossuary_due_pyramid

Skill      XL: |  1  2  3  4  5  6  7  8  9 10 11 12 |
---------------+-------------------------------------+-----
Fighting       | 1 2 4 5 7 |  7.9
Armour         | 1 2 3 5 |  5.2
Dodging        | 3 4 5 6 7 8 9 |  9.2
Conjurations   | 2 3 4 5 6 8 9 10 | 10.5
Stealth        | 3 4 5 6 7 |  7.8
Air Magic      | 5 6 7 8 9 10 11 | 11.1
Spellcasting   | 3 4 5 6 7 9 10 | 10.3

Action                   |  1- 3 |  4- 6 |  7- 9 | 10-12 || total
-------------------------+-------+-------+-------+-------++-------
Melee: Kick              |     1 |    11 |     3 |     5 ||    20
       Dagger            |     1 |     1 |       |    19 ||    21
       Short sword       |       |    47 |    11 |     8 ||    66
       Peck              |       |     7 |     2 |     4 ||    13
       Staff             |       |       |       |    10 ||    10
 Fire: Shortbow          |       |       |    76 |     7 ||    83
 Cast: Shock             |    22 |   133 |   141 |   351 ||   647
       Static Discharge  |       |     6 |    35 |   135 ||   176
       Airstrike         |       |       |    19 |    32 ||    51
       Lightning Bolt    |       |       |       |    47 ||    47
       Swiftness         |       |       |       |     1 ||     1
 Abil: Fly               |       |       |       |     1 ||     1
Evoke: Wand              |       |     1 |     4 |    15 ||    20
  Use: Potion            |       |     6 |     7 |     8 ||    21
       Scroll            |       |     4 |    11 |    14 ||    29
 Stab: Distracted        |       |       |       |     1 ||     1
  Eat: Chunk             |       |     7 |    12 |    17 ||    36
       Ration            |       |     1 |     3 |     8 ||    12
Armor: Robe              |     3 |    10 |    12 |    13 ||    38
       Ring mail         |       |       |       |    45 ||    45
Dodge: Dodged            |     5 |    29 |    87 |   179 ||   300

Table legend:
 A = Spawn XP
 B = Non-spawn XP
 C = Spawn XP percentage of total XP
 D = Spawn monster count
 E = Non-spawn monster count
 F = Spawn count percentage of total count
 G = Total turns spent on level
                    A         B        C        D         E        F      G
               +---------+---------+-------+---------+---------+-------+---------
         Total |       0 |   30254 |   0.0 |       0 |     333 |   0.0 | 18569
               +---------+---------+-------+---------+---------+-------+---------
           D:1 |       0 |      48 |   0.0 |       0 |      25 |   0.0 |   948
           D:2 |       0 |     274 |   0.0 |       0 |      12 |   0.0 |   908
           D:3 |       0 |     153 |   0.0 |       0 |      37 |   0.0 |  1202
           D:4 |       0 |     153 |   0.0 |       0 |      11 |   0.0 |  1222
           D:5 |       0 |     910 |   0.0 |       0 |      29 |   0.0 |  1674
           D:6 |       0 |    1504 |   0.0 |       0 |      22 |   0.0 |  1110
           D:7 |       0 |    3368 |   0.0 |       0 |      42 |   0.0 |  1850
           D:8 |       0 |    2924 |   0.0 |       0 |      22 |   0.0 |  1526
           D:9 |       0 |    3226 |   0.0 |       0 |      40 |   0.0 |   701
          D:10 |       0 |    1289 |   0.0 |       0 |       7 |   0.0 |   988
        Lair:1 |       0 |    3856 |   0.0 |       0 |      19 |   0.0 |  1583
        Lair:2 |       0 |    3261 |   0.0 |       0 |      16 |   0.0 |  2008
        Lair:3 |       0 |    4813 |   0.0 |       0 |      18 |   0.0 |  1065
        Lair:4 |       0 |    3324 |   0.0 |       0 |      11 |   0.0 |  1106
        Lair:5 |       0 |     963 |   0.0 |       0 |       4 |   0.0 |    15
       Ossuary |       0 |     188 |   0.0 |       0 |      18 |   0.0 |   663
               +---------+---------+-------+---------+---------+-------+---------
